 Dungeon Crawl Stone Soup version 0.17.1-1-g73c8601 (webtiles) character file.

2040 Ivanskos the Shield-Bearer (level 9, -1/81 HPs)
             Began as a Deep Dwarf Fighter on Dec 26, 2015.
             Was a Priest of Makhleb.
             Engulfed by a cloud of flame (25 damage)
             ... on level 7 of the Dungeon on Dec 28, 2015.
             The game lasted 00:15:11 (4564 turns).

Ivanskos the Shield-Bearer (Deep Dwarf Fighter)     Turns: 4564, Time: 00:15:11

Health: -1/81      AC:  7    Str: 25    XL:     9   Next: 4%
Magic:  10/10      EV: 13    Int:  9    God:    Makhleb [***...]
Gold:   276        SH: 11    Dex: 12    Spells: 0 memorised, 8 levels left

rFire  . . .     SeeInvis .     a - +1 flail
rCold  . . .     Clarity  .     g - +0 leather armour "Yrunecony" {Regen+ Str+2}
rNeg   . . .     SustAt   +     c - +0 shield
rPois  .         Gourm    .     A - +0 helmet
rElec  .         Spirit   .     r - +0 cloak
rCorr  .         Warding  .     (no gloves)
rMut   .         Stasis   .     l - +0 pair of boots
MR     ++...                    (no amulet)
Stlth  +.........               y - ring of protection from magic
                                d - ring of sustain attributes

@: non-regenerating, very resistant to hostile enchantments, very unstealthy
A: damage resistance, recharge devices, sense surroundings 2, slow regeneration
3
a: Device Recharging, Minor Destruction, Lesser Servant of Makhleb, Renounce
Religion


You were on level 7 of the Dungeon.
You worshipped Makhleb.
Makhleb was most pleased with you.
You were not hungry.

You visited 1 branch of the dungeon, and saw 6 of its levels.
You also visited: Ossuary.

You collected 276 gold pieces.

Inventory:

Hand Weapons
 a - a +1 flail (weapon)
Armour
 c - a +0 shield (worn)
 g - the +0 leather armour "Yrunecony" (worn) {Regen+ Str+2}
   (You found it on level 5 of the Dungeon)

   It affects your strength (+2).
   It increases your rate of regeneration.
 l - a +0 pair of boots (worn)
 r - a +0 cloak (worn)
 A - a +0 helmet (worn)
Jewellery
 d - a ring of sustain attributes (left hand)
 y - a ring of protection from magic (right hand)
Wands
 e - a wand of heal wounds (2)
 i - a wand of cold (3)
 t - a wand of magic darts (42)
 u - a wand of slowing (9)
Scrolls
 h - a scroll of immolation {unknown}
 m - 2 scrolls of fog
 q - a scroll of amnesia
 s - 2 scrolls of remove curse
 w - 2 scrolls of magic mapping
Potions
 j - 2 potions of curing
 k - 4 potions of flight
 n - a potion of lignification {unknown}
 o - 2 potions of mutation {unknown}
 p - a potion of invisibility
 z - 2 potions of might
 B - a potion of brilliance {unknown}
Comestibles
 b - 2 slices of pizza
 f - 4 bread rations
 v - 2 beef jerkies
 x - a royal jelly


   Skills:
 + Level 5.0 Fighting
 + Level 5.5 Maces & Flails
 + Level 5.6 Armour
 + Level 6.2 Dodging
 + Level 0.6 Stealth
 + Level 7.3 Shields
 + Level 1.6 Evocations


You had 8 spell levels left.
You didn't know any spells.

Dungeon Overview and Level Annotations

Branches:
Dungeon (7/15)             Temple (0/1) D:6

Altars:
Ashenzari
Cheibriados
Dithmenos
Makhleb
Ru
Zin

Shops:
D:6 %


Innate Abilities, Weirdness & Mutations

You are resistant to damage.
You can recharge devices by infusing magical energy.
You passively map the area around you.
You do not regenerate naturally.


Message History

You see here a helmet.
A - a helmet You start putting on your armour.
You continue putting on your helmet.
You continue putting on your helmet. x3
You finish putting on your +0 helmet.
Saving game... please wait.
Welcome back, Ivanskos the Deep Dwarf Fighter.
Blood and souls for Makhleb!
Press ? for a list of commands and other information.
Found 15 stones.
Found a ring mail.
v - 2 beef jerkies (gained 1)
B - a blue potion
Found a flail.
Found a meat ration.
You are engulfed in roaring flames.
You are engulfed in roaring flames.
* * * LOW HITPOINT WARNING * * *
You are engulfed in roaring flames.
You die...

#..# #. #.## ##.
##.######..
#..##.....#
#.###.#####
#.##..# ###....##
###########.....##
#....§@§.§§......#
#...)§§§§........#
#..####§####....##
# #. #§# #..### ##
*, * *#§# #..# #.
### #..# ##
,,,,#8# ...# # *
#######.[# * *
#..#


There were no monsters in sight!

Vanquished Creatures
  The ghost of DeXoteric the Carver, a novice FoAK of Lugonu (D:7)
  A water moccasin (D:6)
  A centaur (D:7)
  3 ogres
  A crocodile (D:7)
  2 giant frogs
  3 scorpions
  3 crimson imps
  3 human zombies (Ossuary)
  A centaur zombie (Ossuary)
  A hound (D:3)
  Jessica (D:3)
  2 orc wizards (D:6)
  3 worker ants
  An iguana (D:7)
  2 hound zombies (Ossuary)
  3 mummies (Ossuary)
  4 gnolls
  8 adders
  3 shadow imps (D:5)
  An adder zombie (Ossuary)
  4 worms
  5 giant geckos
  10 orcs
  3 giant cockroaches (D:1)
  A gnoll zombie (Ossuary)
  8 hobgoblins
  7 kobolds
  A quokka (D:3)
  A ball python (D:6)
  10 bats
  3 giant newts
  2 goblins (D:3)
  4 goblin zombies (Ossuary)
  6 hobgoblin zombies (Ossuary)
  3 jackal zombies (Ossuary)
  3 kobold zombies (Ossuary)
  2 orc zombies (Ossuary)
  3 quokka zombies (Ossuary)
  4 rats
  3 rat zombies (Ossuary)
131 creatures vanquished.

Vanquished Creatures (others)
  A centaur skeleton (D:7)
  3 orcs (D:7)
4 creatures vanquished.

Grand Total: 135 creatures vanquished

Notes
Turn   | Place    | Note
--------------------------------------------------------------
     0 | D:1      | Ivanskos the Deep Dwarf Fighter began the quest for the Orb.
     0 | D:1      | Reached XP level 1. HP: 20/20 MP: 1/1
   360 | D:1      | Reached XP level 2. HP: 20/27 MP: 2/2
   567 | D:1      | Reached XP level 3. HP: 21/34 MP: 3/3
   950 | D:2      | Reached skill level 4 in Armour
  1067 | D:2      | Found a shattered altar of Ashenzari.
  1120 | D:2      | Reached XP level 4. HP: 24/42 MP: 4/4
  1266 | D:2      | Found a faded altar to an unknown god.
  1637 | D:3      | Found a burning altar of Makhleb.
  1637 | D:3      | Noticed a blizzard demon
  1641 | D:3      | Found a glowing silver altar of Zin.
  1641 | D:3      | Noticed an angel
  1644 | D:3      | Became a worshipper of Makhleb the Destroyer
  1650 | D:3      | Noticed Jessica
  1657 | D:3      | Killed Jessica
  1752 | D:3      | Reached skill level 1 in Dodging
  1752 | D:3      | Reached XP level 5. HP: 42/49 MP: 5/5
  1794 | D:3      | Found a shadowy altar of Dithmenos.
  2051 | D:3      | Found a sacrificial altar of Ru.
  2294 | D:3      | Found a snail-covered altar of Cheibriados.
  2458 | D:3      | You fall through a shaft for 2 floors!
  2458 | D:5      | Entered Level 5 of the Dungeon
  2573 | D:5      | Got a smoking leather armour
  2585 | D:5      | Identified the +0 leather armour "Yrunecony" {Regen+ Str+2} (You found it on level 5 of the Dungeon)
  2689 | D:5      | Noticed an ogre
  2696 | D:5      | Killed an ogre
  2696 | D:5      | Reached skill level 5 in Armour
  2696 | D:5      | Reached XP level 6. HP: 30/56 MP: 6/6
  2758 | D:5      | Noticed an ogre
  2769 | D:5      | Killed an ogre
  2769 | D:5      | Reached * piety under Makhleb
  2769 | D:5      | Reached skill level 5 in Shields
  3201 | D:6      | Found Wopniurr's Food Emporium.
  3236 | D:6      | Noticed a water moccasin
  3240 | D:6      | Killed a water moccasin
  3240 | D:6      | Reached XP level 7. HP: 48/62 MP: 7/7
  3320 | D:6      | Reached skill level 1 in Evocations
  3658 | D:6      | Found a staircase to the Ecumenical Temple.
  3885 | D:7      | Noticed DeXoteric's ghost (novice FoAK)
  3917 | D:7      | Killed DeXoteric's ghost
  3917 | D:7      | Reached skill level 5 in Dodging
  3917 | D:7      | Reached skill level 6 in Shields
  3917 | D:7      | Reached XP level 8. HP: 21/73 MP: 7/9
  3941 | D:7      | Found a sand-covered staircase.
  3946 | Ossuary  | Entered an ossuary
  3959 | Ossuary  | Reached ** piety under Makhleb
  4090 | Ossuary  | Reached skill level 5 in Maces & Flails
  4135 | Ossuary  | Reached skill level 7 in Shields
  4337 | D:7      | Reached skill level 5 in Fighting
  4343 | D:7      | Reached *** piety under Makhleb
  4369 | D:7      | Gained mutation: You passively map the area around you. [Deep Dwarf growth]
  4369 | D:7      | Reached XP level 9. HP: 43/81 MP: 10/10
  4564 | D:7      | Engulfed by a cloud of flame

Action                   |  1- 3 |  4- 6 |  7- 9 || total
-------------------------+-------+-------+-------++-------
Melee: Flail             |   130 |   128 |   318 ||   576
Evoke: Wand              |     1 |     2 |     6 ||     9
  Use: Scroll            |       |     7 |     8 ||    15
       Potion            |       |     1 |     2 ||     3
  Eat: Meat ration       |       |     1 |       ||     1
       Bread ration      |       |     1 |     1 ||     2
